 Dungeon Crawl Stone Soup version 0.28.0 (webtiles) character file.

Game seed: 14820524799367854819

14 Dani the Ruffian (level 2, 29/29 HPs)
             Began as a Troll Fighter on Feb 7, 2022.
             Was a Follower of Qazlal.
             Quit the game on level 1 of the Dungeon.
             The game lasted 00:00:41 (130 turns).

Dani the Ruffian (Troll Fighter)                     Turns: 130, Time: 00:00:42

Health: 29/29      AC:  4    Str: 23    XL:     2   Next: 27%
Magic:  1/1        EV:  8    Int:  4    God:    Qazlal [*.....]
Gold:   0          SH:  8    Dex:  9    Spells: 1/1 levels left

rFire   . . .      SeeInvis .     - Unarmed
rCold   . . .      Faith    .   b - +0 kite shield
rNeg    . . .      Spirit   .   a - +0 robe
rPois   .          Reflect  .   (helmet restricted)
rElec   .          Harm     .   (no cloak)
rCorr   .          Rampage  .   (gloves unavailable)
Will    .....                   (boots unavailable)
Stlth   +.........              (no amulet)
HPRegen 0.89/turn               (no ring)
MPRegen 0.07/turn               (no ring)

@: no status effects
A: large, unfitting armour, claws 3, regeneration 1, shaggy fur 1, tough skin 1
a: Renounce Religion


You were on level 1 of the Dungeon.
You worshipped Qazlal.
Qazlal was aware of your devotion.
You visited 1 branch of the dungeon, and saw 1 of its levels.

Inventory:

Armour
 a - a +0 robe (worn)
 b - a +0 kite shield (worn)
Scrolls
 d - a scroll of enchant weapon {unknown}
Potions
 c - a potion of might


   Skills:
 + Level 2.6 Fighting
 - Level 2.4 Dodging
 - Level 2.4 Shields
 * Level 2.7 Unarmed Combat


You had one spell level left.
You didn't know any spells.
Your spell library was empty.

Dungeon Overview and Level Annotations

Branches:
Dungeon (1/15)

Altars:
Qazlal


Innate Abilities, Weirdness & Mutations

You are too large for most types of armour.
You have claws for hands.
Your natural rate of healing is unusually fast.
You are covered in fur. (AC +1)
You have tough skin. (AC +1)


Message History

You scratch the endoplasm but do no damage.
The endoplasm hits you but does no damage.
An endoplasm comes into view.
The endoplasm quivers.
You claw the endoplasm!
You kill the endoplasm!
You block the jackal's attack.
You claw the jackal!
You kill the jackal!
The jackal bites you.
You closely miss the jackal. You block the jackal's attack.
The jackal barely misses you.
The jackal bites you but does no damage.
The jackal bites you.
You closely miss the jackal.
The jackal bites you but does no damage. x2
You completely miss the jackal.
The jackal bites you but does no damage. x2
The jackal closely misses you.
A goblin comes into view. It is wielding a +0 dagger.
The jackal bites you. The jackal barely misses you.
You block the jackal's attack.
The goblin shouts!
You scratch the jackal.
The jackal is almost dead.
A ball python comes into view.
The jackal bites you but does no damage.
The jackal bites you. x2
Unknown command.
The jackal bites you.
The jackal bites you but does no damage.
You block the jackal's attack. The jackal barely misses you.
You block the jackal's attack.
You scratch the jackal.
You kill the jackal!
You scratch the endoplasm.
The endoplasm is almost dead.
The endoplasm barely misses you.
You scratch the endoplasm but do no damage.
The endoplasm is almost dead.
The endoplasm hits you but does no damage.
You scratch the endoplasm.
You kill the endoplasm!
The jackal bites you but does no damage.
You claw the jackal!
You kill the jackal!
The jackal bites you but does no damage.
You have reached level 2!
You barely miss the jackal. The jackal barely misses you.
You claw the jackal!
You kill the jackal!
You barely miss the ball python. You block the ball python's attack.
The ball python closely misses you.
You closely miss the ball python. The ball python closely misses you.
You barely miss the ball python. You block the ball python's attack.
You scratch the ball python.
You kill the ball python!
The giant cockroach bites you but does no damage.
You scratch the giant cockroach.
The giant cockroach is almost dead.
The giant cockroach bites you but does no damage.
You claw the giant cockroach!
You kill the giant cockroach!
You claw the goblin!
You kill the goblin!
No target in view!
No target in view!
No target in view!
Things that are here:
a +0 dagger; a giant cockroach corpse; a jackal corpse A bat comes into view.
You closely miss the bat. The bat closely misses you.
The bat hits you but does no damage.
You miss the bat. You block the bat's attack. You block the bat's attack.
The bat hits you but does no damage.
There is a dry fountain here.
Found 2 inky potions.
The bat hits you but does no damage.
You barely miss the bat. The bat hits you but does no damage.
The bat barely misses you. The bat hits you but does no damage.
There is a dry fountain here.
You scratch the bat.
The bat is moderately wounded.
The bat barely misses you.
You barely miss the bat. The bat barely misses you. The bat hits you.
You scratch the bat.
You kill the bat!
No target in view!
No target in view!
No target in view!
There is a faded altar of an unknown god here.
You cannot tell which god this altar belongs to.
Convert to them anyway?
Qazlal accepts your prayer! Qazlal welcomes you!
Qazlal grants you and your divine allies immunity to clouds.
You are now surrounded by a storm.
Are you sure you want to abandon this character and quit the game? (Confirm with "yes".)
Okay, then.
Are you sure you want to abandon this character and quit the game? (Confirm with "yes".)

###### #####......
.......... ⌠⌠⌠≈≈...
...≈.# ####.≈.### #
#@.......# #
.≈.####.†...# #
.⌠P.....⌠..$# #
.≈≈.P≈P≈⌠...# #
....?.......#########
.....................
....#...#######)#####
.#......! #.#
#....... #.#


There were no monsters in sight!

Vanquished Creatures
  2 ball pythons (D:1)
  2 endoplasms (D:1)
  A giant cockroach (D:1)
  A goblin (D:1)
  4 jackals (D:1)
  A bat (D:1)
11 creatures vanquished.

Notes
Turn   | Place    | Note
-------+----------+-------------------------------------------
     0 | D:1      | Dani the Troll Fighter began the quest for the Orb.
     0 | D:1      | Reached XP level 1. HP: 22/22 MP: 0/0
    79 | D:1      | Found a faded altar of an unknown god.
    98 | D:1      | Reached XP level 2. HP: 29/29 MP: 1/1
   129 | D:1      | Prayed at the altar of an unknown god.
   129 | D:1      | Became a worshipper of Qazlal Stormbringer
   129 | D:1      | Reached * piety under Qazlal
   130 | D:1      | Quit the game

Illustrated notes

Levels and vault maps discovered:
D:1:      erik_arrival_triangle_small, layout_basic,
          shapermc_ecumenical_altar_acropolis, feat_on_display

Action                   || total
-------------------------++-------
Melee: Unarmed           ||    30
Armor: Robe              ||    18
Dodge: Dodged            ||    14
Block: Kite shield       ||     9

Table legend: (Time is in decaauts)
 A = Elapsed time spent in this place.
 B = Non-inter-level travel time spent in this place.
 C = Inter-level travel time spent in this place.
 D = Time resting spent in this place.
 E = Time spent auto-exploring this place.
 F = Levels seen in this place.
 G = Mean time per level.
                   A        B        C        D        E       F      G
               +--------+--------+--------+--------+--------+-----+--------+
         Total |    132 |    132 |      0 |      0 |     70 |   1 |  132.0 |
       Dungeon |    132 |    132 |      0 |      0 |     70 |   1 |  132.0 |
               +--------+--------+--------+--------+--------+-----+--------+

Top non-repeatable levels by time:
     D:1: 132 daAuts

Table legend:
 A = Kills in this place as a percentage of kills in entire the game.
 B = Kills by you in this place as a percentage of kills by you in the entire game.
 C = Kills by friends in this place as a percentage of kills by friends in the entire game.
 D = Other kills in this place as a percentage of other kills in the entire game.
 E = Experience gained in this place as a percentage of experience gained in the entire game.
 F = Experience gained in this place divided by the number of levels of this place that you have seen.
                   A       B       C       D       E      F
               +-------+-------+-------+-------+-------+----------------------
         Total | 100.0 | 100.0 |   N/A |   N/A | 100.0 |  20.0
       Dungeon | 100.0 | 100.0 |   N/A |   N/A | 100.0 |  20.0
               +-------+-------+-------+-------+-------+----------------------
